 Dungeon Crawl Stone Soup version 0.21-a0-1-gaf3b9a5 (webtiles) character file.

23401 nikopol the Cleaver (level 13, 0/83 HPs)
             Began as a Gargoyle Berserker on May 16, 2017.
             Was a High Priest of Trog.
             Slain by a rime drake (1 damage)
             ... on level 3 of the Lair of Beasts on May 20, 2017.
             The game lasted 00:46:36 (15945 turns).

nikopol the Cleaver (Gargoyle Berserker)           Turns: 15945, Time: 00:46:37

Health: 0/83       AC: 26    Str: 26    XL:     13   Next: 6%
Magic:  13/13      EV: 13    Int:  7    God:    Trog [*****.]
Gold:   912        SH:  0    Dex: 13    Spells: 12/12 levels left

rFire    . . .     SeeInvis .   a - +6 battleaxe (drain)
rCold    . . .     Gourm    .   (shield currently unavailable)
rNeg     + . .     Faith    .   y - +2 chain mail {MR+}
rPois    ∞         Spirit   .   (no helmet)
rElec    +         Reflect  .   (no cloak)
rCorr    .         Harm     .   P - +2 pair of gloves
MR       +....                  (no boots)
Stlth    ..........             (no amulet)
Regen    0.3/turn               (no ring)
MPRegen  0.2/turn               E - +3 ring of strength

@: frozen, slowed, very slow
A: negative energy resistance 1, electricity resistance, unbreathing,
petrification resistance, rot immunity, AC +9
a: Berserk, Trog's Hand, Brothers in Arms, Burn Spellbooks, Renounce Religion


You were on level 3 of the Lair of Beasts.
You worshipped Trog.
Trog was extremely pleased with you.
You were hungry.

You visited 2 branches of the dungeon, and saw 14 of its levels.
You also visited: Sewer and Ossuary.

You collected 912 gold pieces.

Inventory:

Hand Weapons
 a - a +6 battleaxe of draining (weapon)
 z - a +1 shortbow
 Z - a +2 morningstar of freezing
Missiles
 g - 48 arrows (quivered)
Armour
 t - a cursed -1 scale mail
 y - a +2 chain mail of magic resistance (worn)
 P - a +2 pair of gloves (worn)
Jewellery
 x - an uncursed ring of stealth
 A - an uncursed ring of see invisible
 E - a +3 ring of strength (right hand)
 N - an uncursed ring of flight
Wands
 b - a wand of polymorph (7/24)
 S - a wand of digging (20/24)
Scrolls
 f - 3 scrolls of fog
 k - a scroll of identify
 m - 7 scrolls of teleportation
 n - a scroll of enchant weapon
 o - 3 scrolls of remove curse
 C - a scroll of magic mapping
 G - 3 scrolls of fear
 L - a scroll of enchant armour
 Q - a scroll of blinking
 R - a scroll of summoning
Potions
 e - 4 potions of haste
 h - 5 potions of curing
 j - 9 potions of heal wounds
 l - 4 potions of flight
 p - 4 potions of invisibility
 r - 2 potions of magic
 u - 4 potions of brilliance
 v - 4 potions of agility
 w - 2 potions of might
 H - 2 potions of berserk rage
 I - 2 potions of degeneration {unknown}
 K - 2 potions of resistance
 V - 2 potions of mutation {unknown}
Comestibles
 c - 16 bread rations
 i - 4 royal jellies
 F - 3 meat rations
 M - 6 fruits


   Skills:
 + Level 10.6 Fighting
 * Level 10.7 Axes
 * Level 9.1 Bows
 + Level 10.3 Armour
 + Level 8.3 Dodging


You had 12 spell levels left.
You didn't know any spells.

Dungeon Overview and Level Annotations

Branches:
Dungeon (10/15)            Temple (0/1) D:7            Lair (4/6) D:9
 Shoals (0/4) Lair:2        Snake (0/4) Lair:3          Orc (0/2) D:9

Altars:
Dithmenos
Hepliaklqana
Kikubaaqudgha
Makhleb
Okawaru
Sif Muna
Uskayaw
Wu Jian
The Shining One

Shops:
D:7 }%=}(


Innate Abilities, Weirdness & Mutations

You are resistant to torment.
Your stone body is resilient. (AC +9)
You are immune to poison.
You resist negative energy. (rN+)
You are resistant to electric shocks. (rElec)
You can survive without breathing.
You are immune to petrification.
You are immune to rotting.


Message History

You shoot an arrow. The arrow hits the rime drake!
The rime drake is moderately wounded.
Wield which item (- for none, * to show all)? (? for menu, Esc to quit)
You sense an unholy aura.
a - a +6 battleaxe of draining (weapon)
You slash the rime drake! You drain the rime drake!
The rime drake is almost dead.
The rime drake bites you but does no damage. x2
You closely miss the rime drake.
The rime drake is almost dead.
The rime drake breathes ice at you. The flash freeze hits you!
* * * LOW HITPOINT WARNING * * *
You are encased in ice.
The rime drake bites you but does no damage.
You hit the rime drake.
The rime drake is almost dead.
The rime drake bites you but does no damage.
The rime drake bites you.
You die...

...≈≈...>...≈≈....#..# ###### #
...≈≈.≈..≈..≈≈..(#...###.P#.#####
...≈≈≈.....≈≈≈...##..............
....≈≈≈...≈≈≈....##..............
.....≈≈≈≈≈≈≈.##.)#...............
....#≈≈≈≈≈≈..##..P......###....##
..####.≈.≈.............###.######
P.# #.....≈..#..k.......##.#####P
P.# #.....#...†.@................
#.# ##.......#.>.................
..####.......###..##...#########P
..##..........##.###....# ##
..##.......^...#.#..P..#### ###
..##..............#.....#.#####P#
.####............................
.####...........######......P###.
..............### ###.##### ##


You could see a rime drake.

Vanquished Creatures
  A fire giant (D:10)
  Erolcha (D:9)
  3 hydras
  Erica (Lair:1)
  A two-headed ogre (D:8)
  2 oklob plants (Lair:3)
  Pikel (D:5)
  An elephant (Lair:3)
  2 spiny frogs (Lair:3)
  A rime drake (Lair:4)
  2 komodo dragons (Lair:1)
  A troll (D:10)
  5 hippogriffs
  Sigmund (D:4)
  A spriggan (D:7)
  5 fire bats (D:10)
  7 wyverns
  A basilisk (Lair:4)
  26 yaks
  8 water moccasins
  3 porcupines
  2 hell hounds (D:9)
  A hornet zombie (D:10)
  4 orc warriors
  A slave (D:5)
  2 sky beasts
  4 black bears
  A necrophage (D:9)
  2 ogres
  8 wolves
  A phantom (D:5)
  2 centaurs
  4 crocodiles
  8 big kobolds
  An elf zombie (Ossuary)
  6 bullfrogs
  4 scorpions
  5 killer bees (D:7)
  12 wights (D:9)
  3 electric eels
  2 howler monkeys
  4 crimson imps
  3 centaur zombies (Ossuary)
  A human zombie (Ossuary)
  A quasit (D:4)
  2 bullfrog zombies (D:5)
  4 orc priests
  2 centaur skeletons
  7 hounds
  A bullfrog skeleton (D:7)
  3 jellies
  3 iguanas
  4 orc wizards
  2 worker ants
  2 big kobold zombies (Ossuary)
  A hound skeleton (D:9)
  2 mummies (Ossuary)
  A worker ant zombie (D:5)
  10 adders
  9 river rats
  A shadow imp (D:5)
  2 oozes
  An adder zombie (D:9)
  2 adder skeletons
  4 worms
  2 dart slugs
  5 leopard geckos
  31 orcs
  8 bats
  9 giant cockroaches
  12 goblins
  7 hobgoblins
  4 jackals
  9 quokkas
  3 ball pythons
  11 frilled lizards
  2 goblin zombies (Ossuary)
  11 hobgoblin zombies (Ossuary)
  32 kobolds
  11 kobold zombies (Ossuary)
  5 orc zombies (Ossuary)
  A quokka skeleton (D:8)
  2 quokka zombies
  26 rats
  A rat zombie (Ossuary)
  A fungus (Sewer)
  A plant (Sewer)
413 creatures vanquished.

Vanquished Creatures (collateral kills)
  2 oklob plants (Lair:3)
  3 yaks (D:10)
  An orc (D:10)
6 creatures vanquished.

Vanquished Creatures (others)
  A leopard gecko (D:9)
  A bush (D:8)
  A fungus (Lair:3)
  6 plants
9 creatures vanquished.

Grand Total: 428 creatures vanquished

Notes
Turn   | Place    | Note
-------+----------+-------------------------------------------
     0 | D:1      | nikopol the Gargoyle Berserker began the quest for the Orb.
     0 | D:1      | Reached XP level 1. HP: 14/14 MP: 1/1
   331 | D:1      | Reached XP level 2. HP: 18/19 MP: 2/2
   957 | D:2      | Reached XP level 3. HP: 19/23 MP: 3/3
  1206 | D:2      | Reached ** piety under Trog
  1462 | D:2      | Reached XP level 4. HP: 27/29 MP: 4/4
  1896 | D:2      | Found a glowing golden altar of the Shining One.
  2148 | D:3      | Reached XP level 5. HP: 33/33 MP: 5/5
  2223 | D:3      | Found a glowing drain.
  2228 | Sewer    | Entered a sewer
  2271 | Sewer    | Noticed a big kobold
  2281 | Sewer    | Killed a big kobold
  2281 | Sewer    | Reached XP level 6. HP: 23/39 MP: 6/6
  2442 | Sewer    | Reached *** piety under Trog
  2584 | Sewer    | Reached skill level 5 in Fighting
  2584 | Sewer    | Reached XP level 7. HP: 35/44 MP: 7/7
  3032 | D:3      | You fall through a shaft for 2 floors!
  3032 | D:5      | Entered Level 5 of the Dungeon
  3101 | D:5      | Noticed a yak
  3102 | D:5      | Noticed a yak
  3102 | D:5      | Noticed a yak
  3115 | D:5      | Killed a yak
  3118 | D:5      | Killed a yak
  3118 | D:5      | Reached skill level 5 in Armour
  3118 | D:5      | Reached XP level 8. HP: 45/51 MP: 8/8
  3125 | D:5      | Killed a yak
  3141 | D:5      | Found a shadowy altar of Dithmenos.
  3153 | D:5      | Found a sand-covered staircase.
  3165 | Ossuary  | Entered an ossuary
  3340 | Ossuary  | Reached **** piety under Trog
  3469 | Ossuary  | Reached skill level 5 in Axes
  3788 | D:4      | Reached skill level 5 in Dodging
  3878 | D:4      | Noticed Sigmund
  3888 | D:4      | Killed Sigmund
  3888 | D:4      | Reached XP level 9. HP: 57/57 MP: 9/9
  4086 | D:3      | Reached ***** piety under Trog
  4928 | D:5      | Found an iron altar of Okawaru.
  4985 | D:5      | Noticed Pikel
  4999 | D:5      | Killed Pikel
  5386 | D:5      | Received a gift from Trog
  5565 | D:6      | Found a burning altar of Makhleb.
  6063 | D:7      | Found Ecwoebuw's Weapon Shoppe.
  6181 | D:7      | Found Dekkex's Jewellery Shoppe.
  6181 | D:7      | Found Gydisy's Gadget Emporium.
  6199 | D:7      | Found Nics's Food Shop.
  6228 | D:7      | Found Zishotet's Gadget Shoppe.
  6265 | D:7      | Reached XP level 10. HP: 64/64 MP: 10/10
  6364 | D:7      | Found a staircase to the Ecumenical Temple.
  6442 | D:7      | Reached skill level 1 in Bows
  6863 | D:7      | Found an ancient bone altar of Kikubaaqudgha.
  7044 | D:8      | Received a gift from Trog
  7394 | D:8      | Found a hide-covered altar of Uskayaw.
  7395 | D:8      | Found an ornate altar of the Wu Jian Council.
  7436 | D:8      | Found a deep blue altar of Sif Muna.
  7499 | D:8      | Noticed a two-headed ogre
  7512 | D:8      | Killed a two-headed ogre
  7740 | D:8      | Found a hazy altar of Hepliaklqana.
  8295 | D:9      | Found a staircase to the Lair.
  8400 | D:9      | Reached XP level 11. HP: 71/71 MP: 11/11
  8474 | D:9      | Found a staircase to the Orcish Mines.
  8565 | D:9      | Noticed Erolcha
  8579 | D:9      | Killed Erolcha
  8579 | D:9      | Reached skill level 5 in Bows
  9677 | D:10     | Entered Level 10 of the Dungeon
  9936 | D:10     | Received a gift from Trog
 10063 | D:10     | Noticed a fire giant
 10076 | D:10     | Killed a fire giant
 11007 | Lair:1   | Entered Level 1 of the Lair of Beasts
 11408 | Lair:1   | Reached XP level 12. HP: 77/77 MP: 12/12
 11425 | Lair:1   | Upgraded the game from 0.20-a0-1124-g2e29d97 to 0.21-a0-1-gaf3b9a5
 11889 | Lair:1   | Noticed Erica
 11902 | Lair:1   | Killed Erica
 12534 | Lair:2   | Noticed a six-headed hydra
 12545 | Lair:2   | Killed a six-headed hydra
 12747 | Lair:2   | Reached skill level 10 in Fighting
 12944 | Lair:2   | Found a staircase to the Shoals.
 13276 | Lair:3   | Found a staircase to the Snake Pit.
 13428 | Lair:3   | Reached skill level 10 in Axes
 14754 | Lair:3   | Reached skill level 10 in Armour
 15274 | Lair:3   | Got an ancient lead amulet
 15418 | Lair:3   | Identified the amulet "Xeadd" {Inacc *Drain rN+ Str+3 Dex+4} (You found it on level 3 of the Lair of Beasts)
 15654 | Lair:4   | Noticed a four-headed hydra
 15668 | Lair:4   | Killed a four-headed hydra
 15670 | Lair:4   | Reached XP level 13. HP: 47/83 MP: 13/13
 15944 | Lair:3   | HP: 1/83 [rime drake/flash freeze (18)]
 15945 | Lair:3   | Slain by a rime drake

Vault maps used:
D:1:      saegor_arrival_simple_c
D:2:      lemuel_coloured_pillars_altar
D:3:      portal_sewer_entry_e
D:4:      uniq_sigmund
D:5:      lemuel_ratsnest, lemuel_round_altar, nicolae_dithmenos_shadow_blocks,
          enter_ossuary_3, first_bread, minmay_misc_feat_plants, uniq_pikel
D:6:      nicolae_overflow_crystal_walls, lemuel_flamethrower_2
D:7:      lemuel_round_altar, minmay_temple_entry_overgrown, serial_shops, shop,
          shop, kennysheep_little_box, nicolae_shop_stone, shop, the_bakery,
          minmay_misc_feat_enclosed
D:8:      gammafunk_temple_overflow_forgotten, lemuel_crystal_altar,
          item_on_display_a
D:9:      minmay_lair_entry_lava, grunt_decor_clamped, lemuel_flame_loot_1,
          uniq_erolcha
D:10:     minmay_firetagon
Lair:1:   uniq_erica
Lair:2:   shoals_dummy_entry, infiniplex_staircase_pool
Lair:3:   guppyfry_snake_entry_island, serial_bayou_shore_b,
          minmay_lair_oklob_chamber
Lair:4:   basic_altar, special_room, pf_torpor_hydra
Sewer:    kennysheep_pipe_town
Ossuary:  ossuary_tomb_1

Skill      XL: |  1  2  3  4  5  6  7  8  9 10 11 12 |
---------------+-------------------------------------+-----
Dodging        | 2 3 4 5 6 7 8 |  8.3
Axes           | 3 4 5 6 8 9 10 | 10.7
Armour         | 3 4 5 6 7 8 9 10 | 10.3
Fighting       | 4 5 6 7 8 9 10 | 10.6
Bows           | 4 6 9 |  9.1

Action                   |  1- 3 |  4- 6 |  7- 9 | 10-12 | 13-15 || total
-------------------------+-------+-------+-------+-------+-------++-------
Melee: Hand axe          |   117 |    31 |   182 |   294 |       ||   624
       War axe           |       |   155 |   313 |     2 |       ||   470
       Battleaxe         |       |       |       |   197 |     6 ||   203
       Morningstar       |       |       |       |    13 |     5 ||    18
 Fire: Shortbow          |       |       |     4 |   454 |     6 ||   464
Invok: Berserk           |     1 |       |     2 |     6 |     1 ||    10
       Burn Spellbooks   |       |       |     1 |     2 |       ||     3
       Brothers in Arms  |       |       |       |     2 |       ||     2
  Use: Scroll            |       |     7 |     1 |    22 |       ||    30
  Eat: Chunk             |     3 |     3 |    15 |    34 |     2 ||    57
       Fruit             |       |       |       |     2 |       ||     2
Armor: Ring mail         |    43 |    23 |       |       |       ||    66
       Animal skin       |     2 |       |       |       |       ||     2
       Scale mail        |       |   108 |   260 |   221 |       ||   589
       Chain mail        |       |       |       |   163 |    25 ||   188
Dodge: Dodged            |    68 |   164 |   326 |   375 |    14 ||   947
